 Dungeon Crawl Stone Soup version 0.18-a0-596-g6468885 (webtiles) character file.

48 4thArraOfDagon the Charmwright (level 3, -5/16 HPs)
             Began as a Felid Skald on Dec 3, 2015.
             Was an Initiate of Cheibriados.
             Slain by an ogre
             ... wielding a +0 giant spiked club
              (16 damage)
             ... on level 4 of the Dungeon.
             The game lasted 00:03:40 (732 turns).

4thArraOfDagon the Charmwright (Felid Skald)         Turns: 732, Time: 00:03:40

Health: -5/16      AC:  1    Str:  9    XL:     3   Next: 50%
Magic:  1/7        EV: 17    Int: 15    God:    Cheibriados [......]
Gold:   35         SH:  0    Dex: 16    Spells: 3 memorised, 0 levels left
                                        Lives:  0   Deaths: 0

rFire  . . .     SeeInvis +       - Unarmed
rCold  . . .     Clarity  .     (armour unavailable)
rNeg   . . .     SustAt   .     (shield unavailable)
rPois  .         Gourm    .     (helmet unavailable)
rElec  .         Spirit   .     (cloak unavailable)
rCorr  .         Dismiss  .     (gloves unavailable)
rMut   .         Stasis   .     (boots unavailable)
MR     .....                    (no amulet)
Stlth  +++.......               (no ring)
                                (no ring)

@: infused, singing, slow, not resistant to hostile enchantments, fairly
stealthy
A: no armour, no weapons or thrown items, claws 1, fangs 3, see invisible,
carnivore 3, speed 1, shaggy fur 1, slow metabolism 1, sharp paws
a: Bend Time, Renounce Religion, Stop Singing


You were on level 4 of the Dungeon.
You worshipped Cheibriados.
Cheibriados was noncommittal.
You were completely stuffed.

You visited 2 branches of the dungeon, and saw 5 of its levels.

You collected 35 gold pieces.

Inventory:

Wands
 e - a wand of draining (5)
Scrolls
 c - a scroll of noise
Potions
 d - a potion of flight {unknown}
Books
 a - a book of Battle

   Spells                             Type                      Level
   a - Infusion                       Charms                       1
   b - Shroud of Golubria             Charms/Translocation         2
   c - Song of Slaying                Charms                       2
   d - Spectral Weapon                Hexes/Charms                 3
   e - Regeneration                   Charms/Necromancy            3
Comestibles
 b - a meat ration


   Skills:
 + Level 2.2 Fighting
 + Level 2.4 Dodging
 * Level 1.9 Stealth
 * Level 2.6 Unarmed Combat
 + Level 2.2 Spellcasting
 - Level 4.0 Charms
 * Level 0.0 Necromancy
 + Level 0.0 Invocations


You couldn't memorise any spells.
You knew the following spells:

 Your Spells              Type           Power        Failure   Level  Hunger
a - Infusion              Chrm           ##....       4%          1    #......
b - Regeneration          Chrm/Necr      #.........   30%         3    ###....
c - Song of Slaying       Chrm           ##......     8%          2    ###....


Dungeon Overview and Level Annotations

Branches:
Dungeon (4/15)             Temple (1/1) D:4

Altars:
Ashenzari
Cheibriados
Gozag
Trog
Xom
The Shining One


Innate Abilities, Weirdness & Mutations

You cannot wear armour.
You are incapable of wielding weapons or throwing items.
You have sharp claws.
You have razor-sharp teeth.
You have supernaturally acute eyesight.
You are carnivorous and can eat meat at any time.
You cover ground quickly.
You are covered in fur (AC +1).
You have a slow metabolism.
Your sharp claws are effective at attacking unaware monsters.


Message History

The hound bites you. The ogre barely misses you. The hound misses you.
Unknown command.
Unknown command.
You scratch the ogre.
The ogre is moderately wounded.
The hound closely misses you. The ogre closely misses you.
Unknown command.
Unknown command.
Unknown command.
You scratch the ogre.
The ogre is moderately wounded.
The hound closely misses you.
Unknown command.
Unknown command.
You scratch the ogre.
The ogre is heavily wounded.
The hound closely misses you.
The ogre hits you with a giant spiked club!
Ouch! That really hurt!
You die...

)######## #..l
.###....# ###....
.....#### .#.....
###..# ......#
.##..### ##.....##
.......# ##........
.##.##.##### ##..l..#
.##.##.##...##...h.#
.##.##.##...#...@.##
..#'##.##.....###O#
.......##.....# ...
.....[.##.....######..
.......#####รท.......
...
.......#####.#######
.. ..#+##.##.......# #
..#.##.##.......#
.....#..........#


You could see an ogre, a hound and a giant newt.

Vanquished Creatures
  A worker ant (D:4)
  4 giant geckos
  2 orcs (D:4)
  3 giant cockroaches
  2 kobolds
  A quokka (D:3)
  3 bats
  A goblin (D:2)
  A rat (D:1)
18 creatures vanquished.

Notes
Turn   | Place    | Note
--------------------------------------------------------------
     0 | D:1      | 4thArraOfDagon the Felid Skald began the quest for the Orb.
     0 | D:1      | Reached XP level 1. HP: 9/9 MP: 4/4
   137 | D:3      | Reached XP level 2. HP: 5/13 MP: 6/6
   266 | D:3      | Found a faded altar to an unknown god.
   340 | D:3      | You fall through a shaft!
   340 | D:4      | Found a glowing golden altar of the Shining One.
   517 | D:4      | Found a staircase to the Ecumenical Temple.
   521 | D:4      | Reached skill level 1 in Stealth
   521 | D:4      | Reached skill level 4 in Charms
   521 | D:4      | Reached XP level 3. HP: 11/16 MP: 7/7
   531 | D:4      | Learned a level 3 spell: Regeneration
   535 | Temple   | Entered the Ecumenical Temple
   549 | Temple   | Became a worshipper of Cheibriados the Contemplative
   638 | D:4      | Learned a level 2 spell: Song of Slaying
   722 | D:4      | Noticed an ogre
   732 | D:4      | Slain by an ogre

Vault maps used:
D:1:      sevenhm_arrival_forest_fort_large_1
D:2:      st_stairs_6, corexii_hall_statues_i
D:3:      ecumenical_altar_2
D:4:      lemuel_coloured_pillars_altar, temple_hall, serial_shops, shop,
          minmay_crossroads
Temple:   eino_temple_water_12

Action                   || total
-------------------------++-------
Melee: Unarmed           ||    68
 Cast: Infusion          ||     4
       Song of Slaying   ||     1
Evoke: Wand              ||     2
  Use: Scroll            ||     4
       Potion            ||     1
 Stab: Sleeping          ||     3
  Eat: Chunk             ||     8
